 Dungeon Crawl Stone Soup version 0.30-a0-862-g1aabd4f9c5 (webtiles) character file.

Game seed: 9686613256068364928

18055 Rocko1345 the Blocker (level 12, -2/110 HPs)
             Began as a Minotaur Fighter on Mar 9, 2023.
             Was an Initiate of Gozag.
             Slain by an orc warrior
             ... wielding a +0 battleaxe
              (25 damage)
             ... on level 1 of the Orcish Mines.
             The game lasted 00:39:01 (15429 turns).

Rocko1345 the Blocker (Minotaur Fighter)           Turns: 15429, Time: 00:39:01

Health: -2/110     AC: 20    Str: 30    XL:     12   Next: 24%
Magic:  11/11      EV:  8    Int:  5    God:    Gozag
Gold:   2097       SH:  7    Dex: 10    Spells: 11/11 levels left

rFire   . . .      SeeInvis .    s - +9 hammer of Kismet {freeze, rN+}
rCold   . . .      Faith    .    c - +0 buckler
rNeg    + . .      Spirit   .    F - +2 plate armour {Will+}
rPois   +          Reflect  .    X - +0 hat
rElec   .          Rampage  .    v - +0 cloak
rCorr   .                        m - +0 pair of gloves
Will    +....                    M - +0 pair of boots Stlth
                                 o - amulet of the acrobat
HPRegen 0.38/turn                O - ring of poison resistance
MPRegen 0.12/turn                N - ring of the Median {Str+4 Slay+4 Stlth+}

@: gold aura, studying Stealth
A: horns 2, retaliatory headbutt
a: Renounce Religion, Potion Petition, Call Merchant, Bribe Branch


You were on level 1 of the Orcish Mines.
You worshipped Gozag.
Gozag was most pleased with you.
You visited 2 branches of the dungeon, and saw 14 of its levels.
You also visited: Bailey.

You collected 4609 gold pieces.
You spent 1142 gold pieces at shops.
You paid 1370 gold pieces to Gozag.

Inventory:

Hand Weapons
 a - a +0 war axe of protection
 p - the +1 hammer "Ehibodghepno" {heavy, Drain rPois Dex+4}
   (You found it on level 5 of the Dungeon)

   Dex:       It affects your dexterity (+4).
   rPois:     It protects you from poison.
   Drain:     It drains your maximum health when unequipped.
 s - the +9 hammer of Kismet (weapon) {freeze, rN+}
   (You found it on level 5 of the Dungeon)

   rN:        It protects you from negative energy.
 t - a +2 hammer of draining
 u - a +4 quarterstaff of chaos
 x - a +0 great sword
 B - a +2 flail of protection
 J - a +2 great sword of distortion
 R - the +6 arbalest of Weyroi {flame, rC+ rN+ Will- rCorr}
   (You found it on level 9 of the Dungeon)

   rC:        It protects you from cold.
   rN:        It protects you from negative energy.
   rCorr:     It protects you from acid and corrosion.
   Will:      It decreases your willpower.
 T - a +2 battleaxe
Missiles
 h - 7 throwing nets (quivered)
 y - 22 poisoned darts
 P - 6 boomerangs
Armour
 b - a +0 scale mail
 c - a +0 buckler (worn)
 m - a +0 pair of gloves (worn)
 v - a +0 cloak (worn)
 w - a +0 chain mail
 A - the +4 robe of Augmentation {Str+4 Int+4 Dex+4}
   (You found it on level 6 of the Dungeon)

   Str:       It affects your strength (+4).
   Int:       It affects your intelligence (+4).
   Dex:       It affects your dexterity (+4).
 F - a +2 plate armour of willpower (worn)
 M - a +0 pair of boots (worn)
 X - a +0 hat (worn)
Jewellery
 i - a ring of fire
 o - an amulet of the acrobat (around neck)
 N - the ring of the Median (right hand) {Str+4 Slay+4 Stlth+}
   (You took it off a centaur on level 8 of the Dungeon)

   [ring of slaying]

   Str:       It affects your strength (+4).
   Slay:      It affects your accuracy & damage with ranged weapons and melee
   (+4).
   Stlth:     It makes you more stealthy.
 O - a ring of poison resistance (left hand)
 S - a ring of flight
 V - a +6 ring of intelligence
Wands
 C - a wand of flame (27)
 E - a wand of acid (12)
 H - a wand of iceblast (12)
Scrolls
 g - 3 scrolls of magic mapping
 l - a scroll of fear
 q - 2 scrolls of fog
 D - 2 scrolls of enchant weapon
 G - 2 scrolls of noise
 I - a scroll of amnesia {unknown}
 Q - 3 scrolls of identify
 U - a scroll of enchant armour {unknown}
Potions
 d - 4 potions of might
 e - 2 potions of lignification
 f - 11 potions of curing
 j - 2 potions of flight {unknown}
 k - 7 potions of heal wounds
 n - 8 potions of haste
 r - 8 potions of degeneration
 z - a potion of cancellation {unknown}
 K - 2 potions of resistance {unknown}
 L - a potion of mutation {unknown}
 W - a potion of berserk rage


   Skills:
 + Level 11.0 Fighting
 + Level 7.6(9.4) Axes
 - Level 8.7(10.0) Maces & Flails
 - Level 10.0 Armour
 - Level 1.1 Dodging
 + Level 7.9 Stealth
 - Level 14.9 Shields


You had 11 spell levels left.
You didn't know any spells.
Your spell library contained the following spells:

 Spells                   Type           Power      Damage    Failure   Level
 Blade Hands              Tmut           0%         N/A       100%        5
 Irradiate                Conj/Tmut      0%         3d11      100%        5
 Iskenderun's Battlesphe  Conj           0%         2d6       100%        5
 Summon Forest            Summ/Tloc      0%         N/A       100%        5
 Summon Mana Viper        Hex/Summ       0%         N/A       100%        5
 Iron Shot                Conj/Erth      0%         9d1       100%        6
 Summon Cactus Giant      Summ           0%         N/A       100%        6
 Dragon Form              Tmut           0%         N/A       100%        7
 Spellforged Servitor     Conj/Summ      0%         N/A       100%        7


Dungeon Overview and Level Annotations

Branches:
Dungeon (12/15)            Temple (0/1) D:7            Lair (0/5) D:10
    Orc (2/2) D:9          Bailey (visited)
    Elf: Orc:2

Altars:
Dithmenos
Elyvilon
Fedhas
Gozag
Kikubaaqudgha
Makhleb
Nemelex Xobeh
Okawaru
Qazlal
Ru
Uskayaw
Wu Jian
Xom
Zin
The Shining One

Shops:
D:2 ?   D:6 **   D:7 *   D:8 *   D:9 (

Annotations:
D:10 3 runed translucent doors, Palms's ghost, novice TeRe
D:12 Jorgrun
Orc:1 3 runed translucent doors, Chaicat's ghost, journeyman MiBe; Geneuc's ghost, journeyman HOFi; Newt's ghost, journeyman SpBr


Innate Abilities, Weirdness & Mutations

You have a pair of horns on your head.
You reflexively headbutt those who attack you in melee.


Message History

The orc knight attacks as you move away!
You block the orc knight's attack.
You feel much better.
The orc warrior no longer looks unusually strong.
The orc knight is distracted by your dazzling golden aura.
The orc warrior hits you with a +0 battleaxe.
The warg bites you!
The orc knight shouts!
You bludgeon the orc knight!! You freeze the orc knight!
The orc knight is no longer distracted by gold.
You headbutt the orc knight.
The orc knight is heavily wounded.
The orc knight closely misses you. You furiously retaliate!
You headbutt the orc knight!
The orc warrior is distracted by your dazzling golden aura.
You block the warg's attack.
The orc warrior shouts!
You closely miss the orc knight. You headbutt the orc knight.
The orc knight is severely wounded.
The warg is distracted by your dazzling golden aura.
The orc knight hits you with a +3 war axe.
The warg howls!
You barely miss the orc knight.
The orc knight is severely wounded.
The orc warrior is no longer distracted by gold.
The orc warrior hits you but does no damage.
The orc knight roars a battlecry!
The orc warrior goes into a battle-frenzy!
You completely miss the orc knight.
The orc knight is severely wounded.
The orc knight is distracted by your dazzling golden aura.
The orc warrior hits you with a +0 battleaxe!!
* * * LOW HITPOINT WARNING * * *
The orc knight shouts!
Unknown command.
You bludgeon the orc knight!! You freeze the orc knight!
You kill the orc knight!
The orc warrior hits you with a +0 battleaxe!!
You die...
Your body crumbles into a pile of gold.

##............................#
##....##...........>......##.##
##....####.................####
#....## #...................#
##..#.####.........#.....#.##
#......##.....)>...#.....#.#####
##.....#.......$...#.........#..
#.............ho$...............
##.............@.#.#.........#..
#.....................#...#..###
#.....#............#.#...##...#
#......#............#.#...##.##
##.)).....................####
##)..........#............#
##.............#....#.....##
#.............#..........##
#..............#..#.#.#..###


You could see a warg and an orc warrior (strong).

Vanquished Creatures
  Josephine (D:10)
  A two-headed ogre (D:11)
  Urug (D:10)
  Nergalle (D:10)
  2 orc knights
  An ugly thing (D:11)
  2 unseen horrors (D:11)
  2 kobold demonologists (Bailey)
  A merfolk (D:9)
  2 trolls
  28 yaks
  A shadow (D:9)
  Sigmund (D:2)
  2 wyverns
  5 wraiths (D:10)
  2 steam dragons
  4 vampire mosquitoes
  A basilisk (D:11)
  Menkaure (D:6)
  A warg (Orc:1)
  An acid dragon (D:10)
  4 water moccasins
  Duvessa (D:6)
  A swamp drake (D:9)
  15 orc warriors
  A black bear (D:7)
  3 ice beasts
  2 sky beasts
  3 ogres
  4 centaurs
  A phantom (D:5)
  5 bullfrogs
  2 kobold brigands
  4 scorpions (D:5)
  7 wights
  Dowan (D:6)
  13 killer bees
  3 howler monkeys
  3 electric eels (Bailey)
  4 hounds
  2 gnoll boudas (D:5)
  3 jellies
  10 orc priests
  Crazy Yiuf (D:5)
  Jessica (D:3)
  A sleepcap (D:6)
  2 iguanas (D:5)
  17 orc wizards
  19 gnolls
  3 adders
  2 white imps
  4 worms
  3 dart slugs
  79 orcs
  2 endoplasms
  4 giant cockroaches
  17 goblins
  20 hobgoblins
  5 jackals
  3 quokkas
  9 ball pythons
  6 bats
  19 kobolds
  27 rats
  A rat zombie (D:3)
398 creatures vanquished.

Vanquished Creatures (others)
  5 plants
5 creatures vanquished.

Grand Total: 403 creatures vanquished

Notes
Turn   | Place    | Note
-------+----------+-------------------------------------------
     0 | D:1      | Rocko1345 the Minotaur Fighter began the quest for the Orb.
     0 | D:1      | Reached XP level 1. HP: 19/19 MP: 0/0
   291 | D:1      | Reached XP level 2. HP: 25/27 MP: 1/1
   924 | D:2      | Found an ancient bone altar of Kikubaaqudgha.
  1164 | D:2      | Reached skill level 4 in Shields
  1204 | D:2      | Found Sotosk's Magic Scroll Boutique.
  1216 | D:2      | Reached XP level 3. HP: 33/33 MP: 2/2
  1313 | D:2      | You fall into a shaft and drop 2 floors!
  1313 | D:4      | Found an ornate altar of the Wu Jian Council.
  1384 | D:3      | Found an opulent altar of Gozag.
  1387 | D:3      | Reached XP level 4. HP: 22/41 MP: 3/3
  1478 | D:3      | Became a worshipper of Gozag Ym Sagoz the Greedy
  1561 | D:3      | Noticed Jessica
  1570 | D:3      | Killed Jessica
  1586 | D:3      | Found an ancient bone altar of Kikubaaqudgha.
  2399 | D:2      | Noticed Sigmund
  2407 | D:2      | Killed Sigmund
  2408 | D:2      | Reached skill level 5 in Axes
  2408 | D:2      | Reached XP level 5. HP: 47/47 MP: 4/4
  2408 | D:2      | Reached XP level 6. HP: 53/53 MP: 5/5
  2670 | D:4      | Found a sparkling altar of Nemelex Xobeh.
  3751 | D:4      | Noticed a sky beast
  3757 | D:4      | Killed a sky beast
  3758 | D:4      | Reached skill level 5 in Armour
  4000 | D:5      | Entered Level 5 of the Dungeon
  4039 | D:5      | Identified the +1 hammer "Ehibodghepno" {heavy, Drain rPois
                  | Dex+4}
  4045 | D:5      | Found a runed translucent door.
  4046 | D:5      | Noticed Crazy Yiuf
  4058 | D:5      | Killed Crazy Yiuf
  4061 | D:5      | Identified the +9 hammer of Kismet {freeze, rN+}
  4289 | D:5      | Noticed a water moccasin
  4293 | D:5      | Killed a water moccasin
  4294 | D:5      | Reached XP level 7. HP: 60/60 MP: 6/6
  4387 | D:5      | Reached skill level 5 in Fighting
  4387 | D:5      | Reached skill level 1 in Maces & Flails
  4753 | D:5      | Reached XP level 8. HP: 69/69 MP: 7/7
  5029 | D:5      | Found an iron altar of Okawaru.
  5162 | D:5      | Found a shadowy altar of Dithmenos.
  5162 | D:5      | Found a shimmering altar of Xom.
  5163 | D:5      | Found a hide-covered altar of Uskayaw.
  5230 | D:5      | Reached skill level 5 in Maces & Flails
  5501 | D:6      | Reached skill level 1 in Dodging
  5761 | D:6      | Reached XP level 9. HP: 66/78 MP: 8/8
  5827 | D:6      | Found the +4 robe of Augmentation {Str+4 Int+4 Dex+4}
  5996 | D:6      | Bought a scroll labelled QYHAMUL VAQEYSM for 27 gold pieces
  5996 | D:6      | Bought a scroll labelled RIAPAT RUPRAXA for 27 gold pieces
  6492 | D:6      | Found Nousyem's Assorted Antiques.
  6570 | D:6      | Noticed Dowan
  6570 | D:6      | Noticed Duvessa
  6578 | D:6      | Killed Dowan
  6585 | D:6      | Killed Duvessa
  6586 | D:6      | Reached skill level 5 in Shields
  6807 | D:6      | Noticed Menkaure
  6814 | D:6      | Killed Menkaure
  7240 | D:7      | Found Ockog's General Store.
  7349 | D:6      | Bought a runed plate armour for 702 gold pieces
  7484 | D:7      | Found a stormy altar of Qazlal.
  7745 | D:7      | Found a staircase to the Ecumenical Temple.
  8132 | D:7      | Bought a scroll of identify for 22 gold pieces
  8132 | D:7      | Bought a potion of curing for 33 gold pieces
  8132 | D:7      | Bought a potion of curing for 33 gold pieces
  8137 | D:8      | Found a flagged portal.
  8163 | Bailey   | Entered a bailey
  8189 | Bailey   | Reached skill level 1 in Stealth
  8476 | Bailey   | Noticed an orc knight
  8483 | Bailey   | Killed an orc knight
  8484 | Bailey   | Reached skill level 10 in Armour
  8484 | Bailey   | Reached XP level 10. HP: 89/90 MP: 9/9
  8812 | Bailey   | Found an iron altar of Okawaru.
  8838 | Bailey   | Reached skill level 10 in Fighting
  8838 | Bailey   | Reached skill level 6 in Shields
  9298 | Bailey   | Acquired 1066 gold pieces
  9384 | D:8      | Identified the ring of the Median {Str+4 Slay+4 Stlth+}
  9402 | D:8      | Reached skill level 7 in Shields
  9591 | D:8      | Reached skill level 8 in Shields
  9690 | D:8      | Found a white marble altar of Elyvilon.
  9693 | D:8      | Found a glowing golden altar of the Shining One.
  9694 | D:8      | Found a glowing silver altar of Zin.
  9934 | D:8      | Reached skill level 9 in Shields
 10086 | D:8      | Found Hujui's General Store.
 10093 | D:8      | Bought 2 boomerangs for 52 gold pieces
 10093 | D:8      | Bought a scroll of magic mapping for 97 gold pieces
 10093 | D:8      | Bought a scroll of identify for 26 gold pieces
 10093 | D:8      | Bought a scroll of identify for 26 gold pieces
 10093 | D:8      | Bought a scroll of enchant weapon for 97 gold pieces
 10478 | D:9      | Reached skill level 10 in Shields
 10499 | D:9      | Reached XP level 11. HP: 61/99 MP: 10/10
 10698 | D:9      | Reached skill level 11 in Shields
 10801 | D:9      | Identified the +6 arbalest of Weyroi {flame, rC+ rN+ Will-
                  | rCorr}
 10922 | D:9      | Found a sacrificial altar of Ru.
 11206 | D:9      | Found a staircase to the Orcish Mines.
 11392 | D:10     | Entered Level 10 of the Dungeon
 11420 | D:10     | Noticed Nergalle
 11431 | D:10     | Noticed a spectral orc warlord
 11436 | D:10     | Killed Nergalle
 11437 | D:10     | Reached skill level 12 in Shields
 11572 | D:10     | Noticed Josephine
 11575 | D:10     | Reached skill level 5 in Stealth
 11581 | D:10     | Killed Josephine
 11748 | D:10     | Found a burning altar of Makhleb.
 11748 | D:10     | Found a blossoming altar of Fedhas.
 11790 | D:10     | Found a runed translucent gate.
 11790 | D:10     | Found a runed translucent gate.
 11790 | D:10     | Found a runed translucent gate.
 11793 | D:10     | Noticed Palms's ghost (novice TeRe)
 11941 | D:10     | Found a staircase to the Lair.
 12022 | D:10     | Noticed Urug
 12030 | D:10     | Reached skill level 13 in Shields
 12046 | D:10     | Killed Urug
 12987 | D:11     | Noticed a two-headed ogre
 12998 | D:11     | Killed a two-headed ogre
 12999 | D:11     | Reached skill level 14 in Shields
 13368 | D:11     | Reached XP level 12. HP: 79/106 MP: 11/11
 13546 | D:11     | Found a hide-covered altar of Uskayaw.
 13852 | D:11     | Identified the +1 leather armour of Qoutiwe {rElec rPois
                  | Int+4}
 14514 | D:12     | Noticed a two-headed ogre
 14591 | D:12     | Noticed Jorgrun
 14591 | D:12     | Noticed a death knight
 14756 | Orc:1    | Entered Level 1 of the Orcish Mines
 15140 | Orc:1    | Found a runed translucent gate.
 15140 | Orc:1    | Found a runed translucent gate.
 15140 | Orc:1    | Found a runed translucent gate.
 15161 | Orc:1    | Noticed Newt's ghost (journeyman SpBr)
 15161 | Orc:1    | Noticed Geneuc's ghost (journeyman HOFi)
 15161 | Orc:1    | Noticed Chaicat's ghost (journeyman MiBe)
 15382 | Orc:2    | Entered Level 2 of the Orcish Mines
 15429 | Orc:1    | Slain by an orc warrior

Illustrated notes

Levels and vault maps discovered:
D:1:      nagdon_arrival_double_spiral, layout_basic
D:2:      layout_basic, serial_shops, shop, basic_altar, uniq_sigmund
D:3:      layout_rooms, lemuel_zombie_altar_kikubaaqudgha,
          lemuel_coloured_pillars_altar, minmay_strange_pillars,
          grunt_ministairs_15, minmay_rat_hole, uniq_jessica
D:4:      layout_layer_cave, mainiacjoe_overflow_surrounded_room,
          nzn_wu_jian_contemplation, serial_forest, infiniplex_forest_zigzag_1,
          infiniplex_forest_lined_corner, infiniplex_forest_end_2,
          infiniplex_forest_lined_corner, infiniplex_forest_straight_5,
          infiniplex_forest_lined_room_2, infiniplex_forest_clump_medium,
          infiniplex_forest_clump_small, minmay_small_thing
D:5:      minmay_recursive_quarters, layout_basic,
          nicolae_overflow_hidden_temple, uniq_crazy_yiuf_cottage
D:6:      corexii_shantytown, layout_cave_pods, serial_shops,
          nicolae_shop_waterfront, uniq_duvessa, uniq_menkaure
D:7:      layout_cave_pools, nicolae_qazlal_scattered_showers, temple_pool_b,
          serial_shops, nicolae_stop_n_shop_2, kennysheep_cross_bottleneck,
          minmay_door_square
D:8:      layout_loops_ring, good_gods_temple_1, enter_bailey_3, special_room
          [special_room_orc], serial_shops, nicolae_shop_trees
D:9:      layout_loops_ring, overflow_temple_1_default, erik_orc_1,
          hangedman_fish_farm
D:10:     layout_loops_ring, nicolae_overflow_two_pavilions, lair_entry_dummy,
          gammafunk_ghost_nasty_kobolds, chequers_serial_rivers_room_b,
          minmay_puff, uniq_urug, uniq_nergalle, uniq_josephine
D:11:     layout_layer_cave, nicolae_uskayaw_en_pointe
D:12:     layout_rooms, uniq_jorgrun
Orc:1:    layout_caves, gammafunk_ghost_cemetery
Orc:2:    grunt_orc_gardens, layout_caves, grunt_orc_garden, grunt_orc_garden,
          grunt_orc_garden, grunt_orc_garden, elf_legates

Skill      XL: |  1  2  3  4  5  6  7  8  9 10 11 12 |
---------------+-------------------------------------+-----
Armour         | 4 5 6 7 10 | 10.0
Fighting       | 4 5 6 8 10 11 | 11.0
Axes           | 3 5 6 7 |  7.6
Shields        | 4 5 10 14 | 14.9
Maces & Flails | 3 7 8 |  8.7
Dodging        | 1 |  1.1
Stealth        | 1 4 6 7 |  7.9

Action                     |  1- 3 |  4- 6 |  7- 9 | 10-12 || total
---------------------------+-------+-------+-------+-------++-------
  Melee: War axe           |    61 |    91 |       |       ||   152
         Headbutt          |     8 |    14 |    32 |    89 ||   143
         Mace              |       |     1 |   255 |   443 ||   699
  Throw: Throwing net      |       |       |     1 |       ||     1
 Invoke: Call Merchant     |       |       |     1 |     1 ||     2
    Use: Scroll            |       |     6 |     8 |     5 ||    19
         Potion            |       |       |       |     1 ||     1
   Stab: Distracted        |       |       |       |     4 ||     4
 Armour: Scale mail        |    29 |    31 |       |       ||    60
         Chain mail        |       |       |    95 |       ||    95
         Plate armour      |       |       |    28 |   217 ||   245
  Dodge: Dodged            |    43 |    32 |    64 |   175 ||   314
  Block: Buckler           |    14 |    18 |    43 |   137 ||   212

Table legend: (Time is in decaauts)
 A = Elapsed time spent in this place.
 B = Non-inter-level travel time spent in this place.
 C = Inter-level travel time spent in this place.
 D = Time resting spent in this place.
 E = Time spent auto-exploring this place.
 F = Levels seen in this place.
 G = Mean time per level.
                   A        B        C        D        E       F      G
               +--------+--------+--------+--------+--------+-----+--------+
         Total |  15555 |  14684 |    871 |   2299 |   8337 |  15 | 1037.0 |
       Dungeon |  13805 |  12964 |    841 |   1860 |   7824 |  12 | 1150.4 |
  Orcish Mines |    553 |    524 |     29 |     28 |    198 |   2 |  276.5 |
        Bailey |   1196 |   1196 |      0 |    411 |    314 |   1 | 1196.0 |
               +--------+--------+--------+--------+--------+-----+--------+

Top non-repeatable levels by time:
     D:6: 1991 daAuts
    D:11: 1703 daAuts
    D:10: 1623 daAuts
     D:4: 1528 daAuts
     D:5: 1437 daAuts
  Bailey: 1196 daAuts
     D:9: 1160 daAuts
     D:8: 1040 daAuts
     D:1: 1009 daAuts
     D:3: 893 daAuts
     D:7: 718 daAuts
     D:2: 692 daAuts
   Orc:1: 529 daAuts
   Orc:2: 24 daAuts
    D:12: 5 daAuts
